 Dungeon Crawl Stone Soup version 0.24.0-1-gfbc8707 (webtiles) character file.

Game seed: 7702092285432018626, levelgen mode: deterministic

10 TheGoonsmith the Charmwright (level 2, -6/26 HPs)
             Began as a Gnoll Skald on Nov 7, 2019.
             Mangled by a gnoll
             ... wielding a +0 halberd
              (13 damage)
             ... on level 1 of the Dungeon.
             The game lasted 00:00:22 (55 turns).

TheGoonsmith the Charmwright (Gnoll Skald)            Turns: 55, Time: 00:00:22

Health: -6/26      AC:  3    Str: 13    XL:     2   Next: 20%
Magic:  7/7        EV: 14    Int: 15    God:
Gold:   6          SH:  0    Dex: 14    Spells: 9/10 levels left

rFire    . . .     SeeInvis .   a - +0 mace
rCold    . . .     Gourm    .   (no shield)
rNeg     . . .     Faith    .   b - +0 leather armour
rPois    .         Spirit   .   (no helmet)
rElec    .         Reflect  .   (no cloak)
rCorr    .         Harm     .   (no gloves)
MR       .....                  (no boots)
Stlth    +.........             (no amulet)
HPRegen  0.08/turn              (no ring)
MPRegen  0.10/turn              (no ring)

@: no status effects
A: distributed training, fangs 1, strong nose
a: no special abilities


You were on level 1 of the Dungeon.
You were not hungry.

You visited 1 branch of the dungeon, and saw 1 of its levels.

You collected 6 gold pieces.

Inventory:

Hand Weapons
 a - a +0 mace (weapon)
Missiles
 f - 13 bolts
 g - 11 stones (quivered)
Armour
 b - a +0 leather armour (worn)
Scrolls
 e - a scroll of identify {unknown}
 h - 3 scrolls of fear {unknown}
Potions
 c - a potion of curing {unknown}
Comestibles
 d - a ration


   Skills:
 + Level 4.4 Fighting
 + Level 0.3 Short Blades
 + Level 0.3 Long Blades
 + Level 0.3 Axes
 + Level 4.4 Maces & Flails
 + Level 0.3 Polearms
 + Level 0.3 Staves
 + Level 0.3 Slings
 + Level 0.3 Bows
 + Level 0.3 Crossbows
 + Level 0.3 Throwing
 + Level 2.4 Armour
 + Level 4.4 Dodging
 + Level 0.3 Stealth
 + Level 0.3 Shields
 + Level 0.3 Unarmed Combat
 + Level 4.9 Spellcasting
 + Level 0.2 Conjurations
 + Level 0.2 Hexes
 + Level 5.3 Charms
 + Level 0.2 Summonings
 + Level 0.2 Necromancy
 + Level 0.2 Translocations
 + Level 0.2 Transmutations
 + Level 0.2 Fire Magic
 + Level 0.2 Ice Magic
 + Level 0.2 Air Magic
 + Level 0.2 Earth Magic
 + Level 0.2 Poison Magic
 + Level 0.4 Invocations
 + Level 0.3 Evocations


You had 9 spell levels left.
You knew the following spells:

 Your Spells              Type           Power        Failure   Level  Hunger
a - Infusion              Chrm           ###.         2%          1    None

Your spell library contained the following spells:

 Spells                   Type           Power        Failure   Level  Hunger
 Song of Slaying          Chrm           ###.....     3%          2    ##.....
 Shroud of Golubria       Chrm/Tloc      ##....       10%         2    ##.....
 Regeneration             Chrm/Necr      ##........   21%         3    ###....
 Spectral Weapon          Hex/Chrm       ##......     21%         3    ###....


Dungeon Overview and Level Annotations

Branches:
Dungeon (1/15)

Altars:


Innate Abilities, Weirdness & Mutations

Your experience applies equally to all skills.
You have very sharp teeth.
Your uncanny sense of smell can sniff out nearby items.


Message History

You have reached level 2!
You sock the goblin!
You kill the goblin!
The gnoll hits you from afar with a +0 halberd.
You hit the hobgoblin.
The hobgoblin is severely wounded.
The hobgoblin closely misses you. The gnoll barely misses you.
You hit the hobgoblin.
You kill the hobgoblin!
The gnoll barely misses you. The gnoll hits you with a +0 halberd.
* * * LOW HITPOINT WARNING * * *
There is an open door, spattered with blood here.
You see here a leopard gecko corpse.
You closely miss the gnoll. The gnoll barely misses you.
You hit the gnoll. You bite the gnoll.
The gnoll is moderately wounded.
The gnoll hits you with a +0 halberd!
Ouch! That really hurt!
You die...

#......# ∆ #.<....#
#......# . ######'#
.. #######)### ....
#.........# ....≈
##.........# ....≈.
#†.........#
....§.##@##########
....§...g........
....≈≈§≈≈.≈≈≈≈≈§≈
........≈$§......
#########†#######
......>..#
.........#
........?#
.........#


You could see a gnoll.

Vanquished Creatures
  A leopard gecko (D:1)
  A ball python (D:1)
  3 goblins (D:1)
  A hobgoblin (D:1)
  A kobold (D:1)
  A rat (D:1)
8 creatures vanquished.

Notes
Turn   | Place    | Note
-------+----------+-------------------------------------------
     0 | D:1      | TheGoonsmith the Gnoll Skald began the quest for the Orb.
     0 | D:1      | Reached XP level 1. HP: 20/20 MP: 6/6
    49 | D:1      | Reached XP level 2. HP: 13/26 MP: 7/7
    55 | D:1      | Mangled by a gnoll

Levels and vault maps discovered:
D:1:      erik_arrival_gehennom, layout_loops_ring

Action                   || total
-------------------------++-------
Melee: Mace              ||    24
       Bite              ||     1
 Stab: Sleeping          ||     1
Armor: Leather armour    ||     5
Dodge: Dodged            ||    28
